 Dungeon Crawl Stone Soup version 0.30-a0-305-g026cb31310 (webtiles) character file.

Game seed: 17556908575492961043

12067 greenreed the Destroyer (level 11, -8/83 HPs)
             Began as a Gnoll Conjurer on Oct 23, 2022.
             Was a Priest of Nemelex Xobeh.
             Mangled by a two-headed ogre
             ... wielding a +0 giant club
              (14 damage)
             ... on level 11 of the Dungeon.
             The game lasted 00:35:51 (13378 turns).

greenreed the Destroyer (Gnoll Conjurer)           Turns: 13378, Time: 00:35:52

Health: -8/83      AC: 10    Str:  5    XL:     11   Next: 87%
Magic:  19/23      EV: 16    Int: 27    God:    Nemelex Xobeh [***...]
Gold:   692        SH:  0    Dex: 19    Spells: 17/27 levels left

rFire   + . .      SeeInvis +    x - +11 war axe "Saoqioc" {spect, rN+ Str-2 Dex+8}
rCold   . . .      Faith    +    (no shield)
rNeg    + . .      Spirit   .    w - +2 leather armour {rF+}
rPois   .          Reflect  .    z - +2 helmet {SInv}
rElec   .          Harm     .    (no cloak)
rCorr   .          Rampage  .    K - +0 pair of gloves
Will    .....                    (no boots)
Stlth   ++++......               k - amulet of faith
HPRegen 0.33/turn                A - ring of wizardry
MPRegen 0.18/turn                M - +6 ring of intelligence

@: slowed, very slow
A: fangs 1, strong nose, distributed training
a: Renounce Religion, Draw Escape, Draw Destruction, Draw Summoning, Triple Draw


You were on level 11 of the Dungeon.
You worshipped Nemelex Xobeh.
Nemelex Xobeh was most pleased with you.
You visited 2 branches of the dungeon, and saw 12 of its levels.
You also visited: Sewer, Ossuary and Bailey.

You collected 812 gold pieces.
You spent 120 gold pieces at shops.

Inventory:

Hand Weapons
 x - the +11 war axe "Saoqioc" (weapon) {spect, rN+ Str-2 Dex+8}
   (You found it on level 3 of the Dungeon)

   When its wielder attacks, the weapon's spirit leaps out and strikes again.
   The spirit shares a part of any damage it takes with its wielder.
   Str:       It affects your strength (-2).
   Dex:       It affects your dexterity (+8).
   rN:        It protects you from negative energy.
 T - a +2 vampiric halberd
Missiles
 u - 6 curare-tipped darts
 H - 24 poisoned darts
Armour
 w - a +2 leather armour of fire resistance (worn)
 z - a +2 helmet of see invisible (worn)
 G - +0 swamp dragon scales
 K - a +0 pair of gloves (worn)
 V - the +3 robe of Lust {rN+ Str+2}
   (You found it in a bailey)

   Str:       It affects your strength (+2).
   rN:        It protects you from negative energy.
 W - a +2 robe of the Archmagi
Magical Staves
 r - a staff of air
 s - a staff of poison
Jewellery
 a - a +6 ring of dexterity
 k - an amulet of faith (around neck)
 A - a ring of wizardry (left hand)
 M - a +6 ring of intelligence (right hand)
 Z - a ring of ice
Wands
 F - a wand of digging (12)
 N - a wand of light (18)
 P - a wand of flame (27)
Scrolls
 d - 3 scrolls of teleportation
 e - a scroll of acquirement {unknown}
 g - a scroll of summoning {unknown}
 j - 4 scrolls of amnesia
 m - a scroll of brand weapon
 o - 3 scrolls of enchant armour
 q - 2 scrolls of fear
 t - a scroll of blinking
 v - 4 scrolls of vulnerability
 y - a scroll of poison {unknown}
 E - 2 scrolls of silence
 J - a scroll of enchant weapon {unknown}
 R - 2 scrolls of butterflies {unknown}
 Y - a scroll of magic mapping {unknown}
Potions
 b - 3 potions of magic
 c - a potion of resistance {unknown}
 f - 3 potions of heal wounds
 h - 4 potions of ambrosia
 i - 5 potions of curing
 n - a potion of haste {unknown}
 p - 3 potions of mutation
 C - 2 potions of flight
 D - 2 potions of brilliance
 I - 2 potions of berserk rage {unknown}
 L - 2 potions of lignification
 O - a potion of might {unknown}
 U - 2 potions of cancellation {unknown}
 X - 2 potions of invisibility {unknown}
Miscellaneous
 Q - a box of beasts
 S - a condenser vane


   Skills:
 + Level 6.9 Fighting
 + Level 6.9 Short Blades
 + Level 6.9 Long Blades
 + Level 6.9 Axes
 + Level 6.9 Maces & Flails
 + Level 6.9 Polearms
 + Level 6.9 Staves
 + Level 6.9 Ranged Weapons
 + Level 6.9 Throwing
 + Level 6.9 Armour
 + Level 8.4 Dodging
 + Level 8.2 Stealth
 + Level 6.9 Shields
 + Level 6.9 Unarmed Combat
 + Level 8.6 Spellcasting
 + Level 9.2 Conjurations
 + Level 5.7 Hexes
 + Level 5.7 Summonings
 + Level 5.7 Necromancy
 + Level 5.7 Translocations
 + Level 5.7 Transmutations
 + Level 5.7 Fire Magic
 + Level 5.7 Ice Magic
 + Level 5.7 Air Magic
 + Level 5.7 Earth Magic
 + Level 5.7 Poison Magic
 + Level 7.6 Invocations
 + Level 6.9 Evocations


You had 17 spell levels left.
You knew the following spells:

 Your Spells              Type           Power      Damage    Failure   Level
a - Magic Dart            Conj           100%       1d8       1%          1
b - Searing Ray           Conj           100%       2d8       1%          2
c - Dazzling Flash        Conj/Hex       100%       N/A       1%          3
d - Fulminant Prism       Conj/Hex       25%        3d14      1%          4

Your spell library contained the following spells:

 Spells                   Type           Power      Damage    Failure   Level
 Freeze                   Ice            100%       1d10      1%          1
 Wereblood                Tmut           42%        N/A       1%          2
 Frozen Ramparts          Ice            84%        1d13      1%          3
 Hailstorm                Conj/Ice       51%        3d11      1%          3
 Ozocubu's Armour         Ice            42%        N/A       1%          3
 Iskenderun's Mystic Bla  Conj/Tloc      51%        2d11      1%          4
 Ice Form                 Ice/Tmut       42%        N/A       2%          4
 Summon Ice Beast         Ice/Summ       42%        N/A       2%          4
 Metabolic Englaciation   Hex/Ice        21%        N/A       8%          5
 Silence                  Hex/Air        21%        N/A       8%          5
 Summon Mana Viper        Hex/Summ       42%        N/A       8%          5
 Conjure Ball Lightning   Conj/Air       25%        3x3d7     21%         6
 Monstrous Menagerie      Summ           21%        N/A       90%         7
 Ozocubu's Refrigeration  Ice            21%        4d12      90%         7
 Discord                  Hex            21%        N/A       100%        8
 Disjunction              Tloc           21%        N/A       100%        8


Dungeon Overview and Level Annotations

Branches:
Dungeon (11/15)            Temple (1/1) D:6             Orc (0/2) D:9
  Sewer (visited)         Ossuary (visited)          Bailey (visited)
   Lair: D:8-11

Altars:
Ashenzari
Cheibriados
Dithmenos
Elyvilon
Fedhas
Gozag
Hepliaklqana
Kikubaaqudgha
Makhleb
Nemelex Xobeh
Okawaru
Qazlal
Ru
Sif Muna
Trog
Uskayaw
Vehumet
Wu Jian
Xom
Yredelemnul
Zin
The Shining One

Shops:
D:1 !   D:9 *   D:11 ?


Innate Abilities, Weirdness & Mutations

You have very sharp teeth.
Your uncanny sense of smell can sniff out nearby items.
Your experience applies equally to all skills.


Message History

You barely miss the shadow. The wraith hits you.
* * * LOW HITPOINT WARNING * * *
The shadow slips into darkness.
The shadow flickers and vanishes for a moment.
The wraith hits you but does no damage.
You hit the wraith. You bite the wraith, but do no damage.
The wraith is almost destroyed.
You hit the shadow. The shadow hits you.
* * * LOW HITPOINT WARNING * * *
The wraith barely misses you.
The shadow slips into darkness.
The shadow flickers and vanishes for a moment.
The wraith hits you but does no damage.
Casting: Fulminant Prism (mildly dangerous; 1% risk of failure)
Confirm with . or Enter, or press ? or * to list all spells.
Aiming: Fulminant Prism (mildly dangerous; 1% risk of failure)
Press: ? - help, Dir - move target You conjure a prism of explosive energy!
A fulminant prism comes into view.
The shadow hits you!
* * * LOW HITPOINT WARNING * * *
The wraith hits you!
* * * LOW HITPOINT WARNING * * *
The wraith drains your vigour!
You feel as though you will be slow longer.
The shadow slips into darkness.
The shadow flickers and vanishes for a moment.
You slice the wraith!!
You destroy the wraith!
You slash the shadow!
You destroy the shadow!
Your fulminant prism crackles loudly.
Unknown command.
Your fulminant prism explodes!
You hear a shout!
You hear two shouts!
You hear a shout! x2
A two-headed ogre comes into view.
It is wielding a +0 giant club and a +0 giant spiked club.
A wraith comes into view.
The two-headed ogre hits you with a +0 giant club!
You die...
Your body glows slightly and disappears.

############ #.# #
∆ ..# # ###'#####.#
# #.......#.# # #
#...####.#.##.# # .
###....#... ..# #
#......#.# #.# #
#[......@.# #.#
########
##.....O#.# #.#
#....... ###....#.#
#.# #.######
####W#.# #.#
#.###### ..#.# #.#
#.......
###.####.###..#####
#.#.........#
#.........<##
#.#.##.###.#


You could see a two-headed ogre and a wraith (wandering).

Vanquished Creatures
  A fire dragon (D:11)
  A centaur warrior (D:11)
  A two-headed ogre (D:11)
  A manticore (D:11)
  Maurice (D:9)
  A gargoyle (Bailey)
  Psyche (D:9)
  2 trolls (D:9)
  Grinder (D:6)
  3 slime creatures (D:10)
  Sigmund (D:5)
  3 shadows
  A wyvern (D:10)
  2 vampires
  3 wraiths (D:11)
  7 yaks
  3 steam dragons
  Duvessa (D:5)
  A water moccasin (D:8)
  2 ice beasts (D:6)
  A sky beast (D:7)
  4 orc warriors
  A black bear (D:4)
  An ogre (D:5)
  7 centaurs
  2 kobold brigands
  2 bullfrogs (Sewer)
  A necrophage (D:5)
  3 scorpions
  5 wights (D:4)
  3 water moccasin zombies (Ossuary)
  Dowan (D:5)
  9 vampire bats (Bailey)
  3 howler monkeys
  9 wolf zombies (Bailey)
  3 electric eels
  4 jellies
  A gnoll bouda (D:5)
  4 hounds
  9 orc priests
  5 iguanas
  10 orc wizards
  2 mummies (Ossuary)
  14 adders
  4 gnolls (D:5)
  4 river rats (D:3)
  A shadow imp (D:8)
  2 white imps
  An ufetubus (D:5)
  4 adder zombies (Ossuary)
  2 worms
  3 dart slugs
  35 orcs
  14 ball pythons
  19 endoplasms
  9 giant cockroaches
  9 hobgoblins
  6 jackals (D:2)
  16 kobolds
  10 quokkas
  4 bats
  6 frilled lizards
  4 gnoll zombies (Ossuary)
  10 goblins
  4 hobgoblin zombies (Ossuary)
  4 kobold zombies (Ossuary)
  27 orc zombies
  12 rats
  A spectral kobold (D:7)
352 creatures vanquished.

Vanquished Creatures (others)
  An orc (D:9)
  30 fulminant prisms
  4 plants (D:7)
35 creatures vanquished.

Grand Total: 387 creatures vanquished

Notes
Turn   | Place    | Note
-------+----------+-------------------------------------------
     0 | D:1      | greenreed the Gnoll Conjurer began the quest for the Orb.
     0 | D:1      | Reached XP level 1. HP: 13/13 MP: 6/6
   184 | D:1      | Reached XP level 2. HP: 19/19 MP: 5/7
   509 | D:1      | Learned a level 2 spell: Searing Ray
   541 | D:1      | Reached skill level 5 in Spellcasting
   541 | D:1      | Reached XP level 3. HP: 25/25 MP: 4/9
   944 | D:1      | Found Xocvaok's Distillery.
   971 | D:1      | Bought a potion of curing for 42 gold pieces
   971 | D:1      | Bought a potion of degeneration for 14 gold pieces
  1262 | D:2      | Reached skill level 1 in Invocations
  1332 | D:2      | Reached skill level 1 in Fighting
  1332 | D:2      | Reached skill level 1 in Short Blades
  1332 | D:2      | Reached skill level 1 in Long Blades
  1332 | D:2      | Reached skill level 1 in Axes
  1332 | D:2      | Reached skill level 1 in Maces & Flails
  1332 | D:2      | Reached skill level 1 in Polearms
  1332 | D:2      | Reached skill level 1 in Staves
  1332 | D:2      | Reached skill level 1 in Ranged Weapons
  1332 | D:2      | Reached skill level 1 in Throwing
  1332 | D:2      | Reached skill level 1 in Armour
  1332 | D:2      | Reached skill level 1 in Shields
  1332 | D:2      | Reached skill level 1 in Unarmed Combat
  1332 | D:2      | Reached skill level 1 in Evocations
  1608 | D:2      | Reached XP level 4. HP: 32/32 MP: 6/11
  1998 | D:2      | Reached skill level 1 in Hexes
  1998 | D:2      | Reached skill level 1 in Summonings
  1998 | D:2      | Reached skill level 1 in Necromancy
  1998 | D:2      | Reached skill level 1 in Translocations
  1998 | D:2      | Reached skill level 1 in Transmutations
  1998 | D:2      | Reached skill level 1 in Fire Magic
  1998 | D:2      | Reached skill level 1 in Ice Magic
  1998 | D:2      | Reached skill level 1 in Air Magic
  1998 | D:2      | Reached skill level 1 in Earth Magic
  1998 | D:2      | Reached skill level 1 in Poison Magic
  2662 | D:3      | Reached XP level 5. HP: 37/37 MP: 7/12
  2820 | D:3      | Found a glowing drain.
  2827 | Sewer    | Entered a sewer
  3408 | Sewer    | Reached skill level 5 in Dodging
  3408 | Sewer    | Reached XP level 6. HP: 35/44 MP: 3/14
  4242 | D:3      | Identified the +11 war axe "Saoqioc" {spect, rN+ Str-2
                  | Dex+8}
  4684 | D:4      | Reached XP level 7. HP: 51/51 MP: 8/15
  4839 | D:4      | Reached skill level 5 in Stealth
  5183 | D:4      | Learned a level 3 spell: Dazzling Flash
  5288 | D:4      | Reached XP level 8. HP: 53/58 MP: 9/16
  5679 | D:5      | Entered Level 5 of the Dungeon
  5859 | D:5      | Found a sand-covered staircase.
  5865 | Ossuary  | Entered an ossuary
  6148 | D:5      | Noticed Duvessa
  6154 | D:5      | Killed Duvessa
  6157 | D:5      | Noticed Dowan
  6167 | D:5      | Killed Dowan
  6339 | D:5      | Reached XP level 9. HP: 65/65 MP: 15/18
  6414 | D:5      | Noticed Sigmund
  6419 | D:5      | Killed Sigmund
  6823 | D:6      | Noticed Grinder
  6832 | D:6      | Paralysed by Grinder for 2 turns
  6833 | D:6      | Reached skill level 8 in Conjurations
  6834 | D:6      | HP: 2/65 [Grinder (11)]
  6835 | D:6      | Killed Grinder
  7051 | D:6      | Found a broken altar of Ashenzari.
  7429 | D:6      | Reached skill level 5 in Invocations
  7590 | D:6      | Identified the +1 leather armour "Ydedwier" {Int-5 Dex+6}
  8021 | D:6      | Got Saec's Octavo of Captivating Forms
  8027 | D:6      | Learned a level 4 spell: Fulminant Prism
  8189 | D:6      | Found a staircase to the Ecumenical Temple.
  8198 | Temple   | Entered the Ecumenical Temple
  8369 | Temple   | Became a worshipper of Nemelex Xobeh the Trickster
  8930 | D:7      | Reached skill level 5 in Fighting
  8930 | D:7      | Reached skill level 5 in Short Blades
  8930 | D:7      | Reached skill level 5 in Long Blades
  8930 | D:7      | Reached skill level 5 in Axes
  8930 | D:7      | Reached skill level 5 in Maces & Flails
  8930 | D:7      | Reached skill level 5 in Polearms
  8930 | D:7      | Reached skill level 5 in Staves
  8930 | D:7      | Reached skill level 5 in Ranged Weapons
  8930 | D:7      | Reached skill level 5 in Throwing
  8930 | D:7      | Reached skill level 5 in Armour
  8930 | D:7      | Reached skill level 5 in Shields
  8930 | D:7      | Reached skill level 5 in Unarmed Combat
  8930 | D:7      | Reached skill level 5 in Evocations
  8930 | D:7      | Reached XP level 10. HP: 47/74 MP: 20/20
  9612 | D:7      | Found a hazy altar of Hepliaklqana.
  9775 | D:8      | Reached * piety under Nemelex Xobeh
  9829 | D:8      | Received a gift from Nemelex Xobeh
 10284 | D:9      | Found a flagged portal.
 10291 | Bailey   | Entered a bailey
 10494 | Bailey   | Noticed a gargoyle
 10505 | Bailey   | Killed a gargoyle
 10682 | Bailey   | Found the +6 lightning scales {swift, rElec}
 10688 | Bailey   | Identified the +3 robe of Lust {rN+ Str+2}
 10831 | Bailey   | Reached ** piety under Nemelex Xobeh
 11060 | D:9      | Noticed Psyche
 11069 | D:9      | Killed Psyche
 11088 | D:9      | Noticed Maurice
 11097 | D:9      | Killed Maurice
 11098 | D:9      | Reached skill level 5 in Hexes
 11098 | D:9      | Reached skill level 5 in Summonings
 11098 | D:9      | Reached skill level 5 in Necromancy
 11098 | D:9      | Reached skill level 5 in Translocations
 11098 | D:9      | Reached skill level 5 in Transmutations
 11098 | D:9      | Reached skill level 5 in Fire Magic
 11098 | D:9      | Reached skill level 5 in Ice Magic
 11098 | D:9      | Reached skill level 5 in Air Magic
 11098 | D:9      | Reached skill level 5 in Earth Magic
 11098 | D:9      | Reached skill level 5 in Poison Magic
 11098 | D:9      | Reached XP level 11. HP: 81/81 MP: 16/22
 11177 | D:9      | Received a gift from Nemelex Xobeh
 11289 | D:9      | Found Leigh's Gadget Gallery.
 11439 | D:9      | Found a staircase to the Orcish Mines.
 11650 | D:10     | Entered Level 10 of the Dungeon
 11970 | D:10     | Received a gift from Nemelex Xobeh
 12010 | D:10     | Reached skill level 9 in Conjurations
 12311 | D:10     | Reached *** piety under Nemelex Xobeh
 12482 | D:10     | Received a gift from Nemelex Xobeh
 12864 | D:11     | Noticed a fire dragon
 12872 | D:11     | Killed a fire dragon
 12989 | D:11     | Found Joumiwn's Magic Scroll Boutique.
 12997 | D:11     | Bought a scroll of identify for 32 gold pieces
 12997 | D:11     | Bought a scroll of identify for 32 gold pieces
 13073 | D:11     | Noticed a centaur warrior
 13085 | D:11     | Noticed a two-headed ogre
 13088 | D:11     | Killed a centaur warrior
 13254 | D:11     | Killed a two-headed ogre
 13340 | D:11     | Noticed a manticore
 13345 | D:11     | Killed a manticore
 13372 | D:11     | HP: 3/83 [wraith (9)]
 13375 | D:11     | Noticed a two-headed ogre
 13378 | D:11     | Mangled by a two-headed ogre

Illustrated notes

Levels and vault maps discovered:
D:1:      roderic_crop_circles_arrival_small, layout_basic, serial_shops,
          nicolae_lakefront_shop
D:2:      layout_loops_ring, amcnicky_mini_pool_small
D:3:      layout_loops_ring, lightli_sewer_entry_pipes,
          kennysheep_generic_room_14
D:4:      layout_cave_pools, minmay_door_square
D:5:      layout_loops_ring, nicolae_ossuary_entry_ruins, uniq_sigmund,
          uniq_duvessa
D:6:      wad_lake_hut, layout_loops_ring, kennysheep_mini, uniq_grinder
D:7:      layout_rooms, nicolae_hepliaklqana_monster_ancestors,
          serial_bayou_ford_a, eino_small_chamber_without_monster,
          kennysheep_generic_room_7
D:8:      layout_cave_pools
D:9:      wad_pebble_path, layout_cave_pools, enter_bailey_3,
          nicolae_shop_gadgets, uniq_maurice, uniq_psyche
D:10:     layout_irregular_city
D:11:     minmay_the_grid_3x2 [minmay_the_grid_large_cup,
          minmay_the_grid_broken_lines, minmay_the_grid_dragon_b,
          minmay_the_grid_empty, minmay_the_grid_fan,
          minmay_the_grid_prize_big_room], layout_loops_ring, lair_entry_dummy,
          serial_shops, shop
Temple:   nicolae_temple_slightly_damp_pantheon

Skill      XL: |  1  2  3  4  5  6  7  8  9 10 11 |
---------------+----------------------------------+-----
Spellcasting   | 5 6 7 8 |  8.6
Invocations    | 1 2 3 4 5 6 7 |  7.6
Fighting       | 1 2 3 5 6 |  6.9
Short Blades   | 1 2 3 5 6 |  6.9
Long Blades    | 1 2 3 5 6 |  6.9
Axes           | 1 2 3 5 6 |  6.9
Maces & Flails | 1 2 3 5 6 |  6.9
Polearms       | 1 2 3 5 6 |  6.9
Staves         | 1 2 3 5 6 |  6.9
Ranged Weapons | 1 2 3 5 6 |  6.9
Throwing       | 1 2 3 5 6 |  6.9
Armour         | 1 2 3 5 6 |  6.9
Shields        | 1 2 3 5 6 |  6.9
Unarmed Combat | 1 2 3 5 6 |  6.9
Evocations     | 1 2 3 5 6 |  6.9
Hexes          | 1 2 3 4 5 |  5.7
Summonings     | 1 2 3 4 5 |  5.7
Necromancy     | 1 2 3 4 5 |  5.7
Translocations | 1 2 3 4 5 |  5.7
Transmutations | 1 2 3 4 5 |  5.7
Fire Magic     | 1 2 3 4 5 |  5.7
Ice Magic      | 1 2 3 4 5 |  5.7
Air Magic      | 1 2 3 4 5 |  5.7
Earth Magic    | 1 2 3 4 5 |  5.7
Poison Magic   | 1 2 3 4 5 |  5.7
Dodging        | 5 6 7 8 |  8.4
Stealth        | 5 6 7 8 |  8.2
Conjurations   | 8 9 |  9.2

Action                   |  1- 3 |  4- 6 |  7- 9 | 10-12 || total
-------------------------+-------+-------+-------+-------++-------
Melee: Unarmed           |    15 |    17 |       |       ||    32
       Bite              |     1 |     1 |    12 |    27 ||    41
       Punch             |     1 |       |     2 |    10 ||    13
       Staff             |       |     3 |       |       ||     3
       War axe           |       |       |    82 |   160 ||   242
 Cast: Magic Dart        |    73 |   175 |   160 |    57 ||   465
       Searing Ray       |     1 |     2 |    17 |       ||    20
       Dazzling Flash    |       |       |     4 |     6 ||    10
       Fulminant Prism   |       |       |     2 |    28 ||    30
Invok: Draw Destruction  |       |       |       |     3 ||     3
  Use: Scroll            |       |       |     8 |     5 ||    13
 Stab: Sleeping          |       |       |     2 |    10 ||    12
       Distracted        |       |       |     2 |     5 ||     7
       Invisible         |       |       |     2 |     4 ||     6
Armor: Robe              |     2 |     1 |       |       ||     3
       Leather armour    |       |       |    15 |    42 ||    57
Dodge: Dodged            |     8 |    39 |    52 |   113 ||   212

Table legend: (Time is in decaauts)
 A = Elapsed time spent in this place.
 B = Non-inter-level travel time spent in this place.
 C = Inter-level travel time spent in this place.
 D = Time resting spent in this place.
 E = Time spent auto-exploring this place.
 F = Levels seen in this place.
 G = Mean time per level.
                   A        B        C        D        E       F      G
               +--------+--------+--------+--------+--------+-----+--------+
         Total |  13602 |  12986 |    616 |    954 |   9903 |  15 |  906.8 |
       Dungeon |  11684 |  11092 |    592 |    898 |   8552 |  11 | 1062.2 |
        Temple |    192 |    168 |     24 |      0 |    145 |   1 |  192.0 |
         Sewer |    750 |    750 |      0 |      0 |    617 |   1 |  750.0 |
       Ossuary |    229 |    229 |      0 |     56 |     69 |   1 |  229.0 |
        Bailey |    744 |    744 |      0 |      0 |    520 |   1 |  744.0 |
               +--------+--------+--------+--------+--------+-----+--------+

Top non-repeatable levels by time:
     D:6: 1608 daAuts
     D:1: 1392 daAuts
     D:3: 1254 daAuts
    D:10: 1254 daAuts
     D:4: 1227 daAuts
     D:2: 1180 daAuts
     D:7: 1096 daAuts
     D:5: 887 daAuts
     D:9: 781 daAuts
   Sewer: 750 daAuts
  Bailey: 744 daAuts
     D:8: 599 daAuts
    D:11: 403 daAuts
 Ossuary: 229 daAuts
  Temple: 192 daAuts
